 Dungeon Crawl Stone Soup version 0.19.5 (webtiles) character file.

14198 Klappagos the Cleaver (level 12, -2/77 HPs)
             Began as a Gargoyle Fighter on May 21, 2017.
             Was a High Priest of Okawaru.
             Slain by a 16-headed hydra (6 damage)
             ... on level 1 of the Swamp.
             The game lasted 01:06:49 (9984 turns).

Klappagos the Cleaver (Gargoyle Fighter)            Turns: 9984, Time: 01:06:52

Health: -2/77      AC: 34    Str: 22    XL:     12   Next: 14%
Magic:  0/12       EV:  6    Int:  9    God:    Okawaru [*****.]
Gold:   125        SH: 14    Dex: 14    Spells: 0 memorised, 11 levels left

rFire  + . .     SeeInvis .     r - +2 hand axe (elec)
rCold  + . .     Gourm    .     k - +0 plate armour
rNeg   + . .     Faith    .     K - +2 shield {AC+3}
rPois  ∞         Spirit   +     (no helmet)
rElec  +         Reflect  .     F - +1 cloak
rCorr  +         Harm     .     (no gloves)
MR     .....                    P - +2 pair of boots
Stlth  ..........               m - amulet of guardian spirit
                                g - ring of poison resistance
                                v - +2 ring of protection

@: resistant
A: talons 2, agile 1, negative energy resistance 1, electricity resistance,
unbreathing, petrification resistance, rot immunity, MP-powered wands, AC +8
a: Heroism, Finesse, Renounce Religion


You were on level 1 of the Swamp.
You worshipped Okawaru.
Okawaru was extremely pleased with you.
You were not hungry.

You visited 3 branches of the dungeon, and saw 12 of its levels.

You collected 404 gold pieces.
You spent 279 gold pieces at shops.

Inventory:

Hand Weapons
 a - the +6 great sword of Sudden Death {slice, rN+ MR++, unknown}
   (You found it on level 6 of the Dungeon)

   It inflicts extra damage upon your enemies.
   It protects you from negative energy.
   It affects your resistance to hostile enchantments.
 i - a +2 triple crossbow of flaming
 r - a +2 hand axe of electrocution (weapon)
 s - a +4 hand axe of chopping
 A - a +2 hand crossbow of freezing
 O - a +0 vampiric war axe
Missiles
 e - 8 javelins (quivered)
Armour
 k - a +0 plate armour (worn)
 F - a +1 cloak (worn)
 K - a +2 shield of protection (worn)
 P - a +2 pair of boots (worn)
Jewellery
 b - a cursed -2 ring of strength {unknown}
 g - a ring of poison resistance (right hand)
 m - an amulet of guardian spirit (around neck)
 v - a +2 ring of protection (left hand)
 I - an uncursed ring of see invisible
Wands
 E - a wand of random effects (28/48)
 G - a wand of slowing (12/48)
 H - a wand of slowing (9/48)
 J - a wand of digging (6/24)
Scrolls
 c - a scroll of enchant armour {unknown}
 f - a scroll of noise
 o - 2 scrolls of random uselessness
 p - a scroll of fog {unknown}
 t - a scroll of magic mapping
 u - a scroll of teleportation
 w - 4 scrolls of remove curse
 x - 2 scrolls of amnesia
 y - 3 scrolls of blinking
 z - 2 scrolls of holy word {unknown}
 L - a scroll of silence {unknown}
 N - a scroll of fear {unknown}
 T - 2 scrolls of identify
Potions
 d - a potion of might
 h - a potion of curing
 l - a potion of brilliance
 n - a potion of flight
 D - a potion of magic {unknown}
Books
 R - a book of Battle

   Spells                             Type                      Level
   a - Infusion                       Charms                       1
   b - Shroud of Golubria             Charms/Translocation         2
   c - Song of Slaying                Charms                       2
   d - Spectral Weapon                Hexes/Charms                 3
   e - Regeneration                   Charms/Necromancy            3
 S - a book of Fire

   Spells                             Type                      Level
   a - Ignite Poison                  Fire/Transmutation/Poison    3
   b - Fireball                       Conjuration/Fire             5
   c - Bolt of Fire                   Conjuration/Fire             6
   d - Delayed Fireball               Conjuration/Fire             7
   e - Ring of Flames                 Charms/Fire                  7
Comestibles
 j - 2 slices of pizza
 q - 6 meat rations
 B - 3 beef jerkies
 M - 7 fruits
 Q - 7 royal jellies


   Skills:
 + Level 10.2 Fighting
 * Level 10.8(11.0) Axes
   Level 3.4(8.4) Maces & Flails
 + Level 10.1 Armour
 + Level 9.9 Shields


You had 11 spell levels left.
You didn't know any spells.

Dungeon Overview and Level Annotations

Branches:
Dungeon (9/15)             Temple (0/1) D:5            Lair (2/6) D:9
  Swamp (1/4) Lair:2
  Snake: Lair:2-4    Spider: Lair:2-4       Orc: D:9-12

Altars:
Ashenzari
Fedhas
Okawaru
Ru
Trog
The Shining One

Shops:
D:8 **=(*


Innate Abilities, Weirdness & Mutations

You are resistant to torment.
Your stone body is resilient. (AC +8)
You are immune to poison.
You resist negative energy. (rN+)
You are resistant to electric shocks. (rElec)
You can survive without breathing.
You are immune to petrification.
You are immune to rotting.
You have razor-sharp toenails.
You are agile. (Dex +2)
You expend magic power (3 MP) to strengthen your wands.


Message History

The 16-headed hydra bites you but does no damage. x10
The 16-headed hydra closely misses you.
The 16-headed hydra bites you but does no damage. x2
The 16-headed hydra completely misses you.
The 16-headed hydra bites you but does no damage.
The insubstantial wisp hits you but does no damage.
You enter the shallow water.
Moving in this stuff is going to be slow.
The insubstantial wisp hits you but does no damage.
The insubstantial wisp hits you.
* * * LOW HITPOINT WARNING * * *
The spriggan rider hits you but does no damage. x2
Why would you want to do that?
The insubstantial wisp barely misses you.
The spriggan rider hits you but does no damage.
The 16-headed hydra bites you but does no damage.
You block the 16-headed hydra's attack. The 16-headed hydra barely misses you.
The 16-headed hydra bites you but does no damage.
You block the 16-headed hydra's attack. x2; The 16-headed hydra bites you!
You die...

♣... ..≈≈≈≈.♣♣
♣.≈
♣♣≈≈..≈....
♣.♣♣≈≈≈≈≈≈≈..♣
♣≈.♣.≈≈≈♣≈≈≈♣
♣...≈v§§:.♣
♣..†..≈.♣
♣.†i≈.§≈♣
♣♣<.v.♣.♣♣
♣♣iD@≈..♣
♣.v≈≈≈.♣
♣♣..?..♣
♣.≈≈≈.♣
♣♣...≈.♣
♣♣.♣§.♣ ..♣≈.♣
♣≈≈≈♣♣


You could see a 16-headed hydra, 2 spriggan riders and 3 insubstantial wisps.

Vanquished Creatures
  A hydra (Lair:2)
  2 black mambas (Lair:1)
  4 spiny frogs
  A komodo dragon (D:9)
  A queen bee (D:8)
  Grinder (D:6)
  10 blink frogs
  2 hippogriffs
  A wyvern (D:9)
  14 yaks
  3 vampire mosquitoes (Swamp:1)
  An insubstantial wisp (Swamp:1)
  Duvessa (D:5)
  4 water moccasins
  10 porcupines
  A black bear (D:9)
  4 orc warriors
  A sky beast (D:9)
  4 ogres
  An ice beast (D:8)
  A phantom (D:9)
  4 wolves (Lair:2)
  2 centaurs
  4 crocodiles (Lair:2)
  4 big kobolds
  Blork the orc (D:6)
  5 bullfrogs
  A wyvern zombie (D:9)
  Dowan (D:5)
  A wyvern skeleton (D:8)
  A scorpion (D:8)
  18 killer bees
  4 howler monkeys
  2 bullfrog zombies
  4 crimson imps
  A jelly (D:7)
  3 hounds
  2 centaur skeletons
  A gnoll shaman (D:7)
  An orc priest (D:6)
  A bullfrog skeleton (D:8)
  3 iguanas
  3 orc wizards
  8 worker ants
  A hound zombie (D:6)
  4 gnolls (D:7)
  3 adders
  2 shadow imps (D:7)
  An ooze (D:7)
  3 worms (D:2)
  2 dart slugs
  2 leopard geckos
  28 orcs
  9 giant cockroaches
  13 goblins
  8 hobgoblins
  13 jackals
  2 quokkas
  9 bats
  8 frilled lizards
  A jackal skeleton (D:8)
  32 kobolds
  A quokka zombie (D:8)
  4 rats
  3 plants
292 creatures vanquished.

Vanquished Creatures (others)
  A fungus (Lair:2)
  A plant (D:9)
2 creatures vanquished.

Grand Total: 294 creatures vanquished

Notes
Turn   | Place    | Note
-------+----------+-------------------------------------------
     0 | D:1      | Klappagos the Gargoyle Fighter began the quest for the Orb.
     0 | D:1      | Reached XP level 1. HP: 14/14 MP: 1/1
   196 | D:1      | Reached XP level 2. HP: 13/19 MP: 2/2
   541 | D:1      | Found a shattered altar of Ashenzari.
   634 | D:1      | Reached XP level 3. HP: 23/23 MP: 3/3
   980 | D:1      | You fall through a shaft!
  1354 | D:2      | Reached XP level 4. HP: 29/29 MP: 1/4
  2083 | D:3      | Found an iron altar of Okawaru.
  2093 | D:3      | Became a worshipper of Warmaster Okawaru
  2270 | D:3      | Found a sacrificial altar of Ru.
  2528 | D:4      | Noticed a hippogriff
  2541 | D:4      | Reached skill level 1 in Axes
  2541 | D:4      | Reached XP level 5. HP: 30/33 MP: 5/5
  2551 | D:4      | Killed a hippogriff
  2551 | D:4      | Reached * piety under Okawaru
  2551 | D:4      | Reached XP level 6. HP: 27/38 MP: 4/6
  2798 | D:4      | Reached XP level 7. HP: 20/44 MP: 2/7
  3011 | D:4      | Found a bloodstained altar of Trog.
  3062 | D:5      | Entered Level 5 of the Dungeon
  3122 | D:5      | Noticed Duvessa
  3124 | D:5      | Noticed Dowan
  3145 | D:5      | Killed Duvessa
  3145 | D:5      | Reached skill level 5 in Shields
  3151 | D:5      | Killed Dowan
  3249 | D:5      | Found a glowing golden altar of the Shining One.
  3290 | D:5      | Found a staircase to the Ecumenical Temple.
  3316 | D:5      | Reached skill level 5 in Fighting
  3316 | D:5      | Reached skill level 5 in Armour
  4096 | D:6      | Reached ** piety under Okawaru
  4137 | D:6      | Noticed Grinder
  4160 | D:6      | Killed Grinder
  4160 | D:6      | Reached XP level 8. HP: 47/50 MP: 6/8
  4197 | D:6      | Gained mutation: You are agile. (Dex +2) [potion of beneficial mutation]
  4198 | D:6      | Gained mutation: You have sharp toenails. [potion of beneficial mutation]
  4222 | D:6      | Reached skill level 5 in Axes
  4416 | D:6      | Noticed Blork the orc
  4461 | D:6      | Killed Blork the orc
  4656 | D:6      | Got a brightly glowing great sword
  4853 | D:6      | Reached *** piety under Okawaru
  5108 | D:7      | Reached XP level 9. HP: 53/55 MP: 7/9
  6129 | D:8      | Found Duedeg's Antique Weapon Shoppe.
  6133 | D:8      | Found Axtucwir's General Store.
  6219 | D:8      | Bought a potion of mutation for 32 gold pieces
  6219 | D:8      | Gained mutation: You have razor-sharp toenails. [potion of mutation]
  6219 | D:8      | Gained mutation: You are frail. (-10% HP) [potion of mutation]
  6219 | D:8      | Gained mutation: You expend magic power (3 MP) to strengthen your wands. [potion of mutation]
  6220 | D:8      | Lost mutation: You are frail. (-10% HP) [potion of mutation]
  6244 | D:8      | Bought a glowing war axe for 247 gold pieces
  6263 | D:8      | Noticed a queen bee
  6302 | D:8      | Killed a queen bee
  6302 | D:8      | Reached **** piety under Okawaru
  6397 | D:8      | Reached XP level 10. HP: 61/63 MP: 10/10
  6451 | D:8      | Found Ugemiluff's Jewellery Shoppe.
  6487 | D:8      | Found Gufrimiv's General Store.
  6519 | D:8      | Found Quen's General Store.
  6668 | D:8      | Noticed a cyclops
  7183 | D:9      | Found a blossoming altar of Fedhas.
  7499 | D:9      | Reached ***** piety under Okawaru
  7790 | D:9      | Found a staircase to the Lair.
  7831 | D:9      | Received a gift from Okawaru
  7842 | Lair:1   | Entered Level 1 of the Lair of Beasts
  8020 | Lair:1   | Noticed a spiny frog
  8039 | Lair:1   | Killed a spiny frog
  8300 | Lair:1   | Noticed a black mamba
  8311 | Lair:1   | Killed a black mamba
  8311 | Lair:1   | Reached XP level 11. HP: 50/69 MP: 6/11
  9029 | Lair:2   | Noticed a five-headed hydra
  9072 | Lair:2   | Reached skill level 10 in Axes
  9074 | Lair:2   | Killed a 19-headed hydra
  9074 | Lair:2   | Received a gift from Okawaru
  9703 | Lair:2   | Found a staircase to the Swamp.
  9772 | Lair:2   | Received a gift from Okawaru
  9772 | Lair:2   | Reached skill level 10 in Fighting
  9784 | Lair:2   | Reached XP level 12. HP: 54/77 MP: 10/12
  9794 | Lair:2   | Reached skill level 10 in Armour
  9949 | Swamp:1  | Entered Level 1 of the Swamp
  9958 | Swamp:1  | Noticed a five-headed hydra
  9965 | Swamp:1  | Noticed a spriggan rider
  9970 | Swamp:1  | Noticed a spriggan rider
  9984 | Swamp:1  | Slain by a 16-headed hydra

Skill      XL: |  1  2  3  4  5  6  7  8  9 10 11 12 |
---------------+-------------------------------------+-----
Maces & Flails | 3 |  3.4
Shields        | 4 5 6 7 8 9 |  9.9
Axes           | 1 2 3 4 5 7 9 10 | 10.8
Armour         | 4 5 6 7 8 9 10 | 10.1
Fighting       | 4 5 6 7 8 10 | 10.2

Action                   |  1- 3 |  4- 6 |  7- 9 | 10-12 || total
-------------------------+-------+-------+-------+-------++-------
Melee: Flail             |   153 |    97 |       |       ||   250
       Hand axe          |       |   102 |   480 |   571 ||  1153
       Kick              |       |       |   110 |     5 ||   115
Invok: Heroism           |       |       |     3 |     5 ||     8
Evoke: Wand              |       |       |       |     4 ||     4
  Use: Scroll            |     5 |       |     6 |     1 ||    12
       Potion            |       |       |     4 |    13 ||    17
  Eat: Bread ration      |     1 |     1 |     3 |     3 ||     8
Armor: Scale mail        |     5 |       |       |       ||     5
       Chain mail        |    66 |   101 |    45 |       ||   212
       Plate armour      |       |       |   186 |   431 ||   617
Dodge: Dodged            |    58 |    47 |    89 |   128 ||   322
Block: Shield            |    83 |   103 |   243 |   415 ||   844
